 Dungeon Sprint DCSS version 0.20.1-1-g8b1a95d (console) character file.

34 hilaritas the Ruffian (level 5, 0/57 HPs)
             Began as a Troll Fighter on Mar 15, 2018.
             Was a Follower of Uskayaw.
             Engulfed by a cloud of flame (14 damage)
             ... in the Dungeon (Sprint VI: "Thunderdome").
             The game lasted 00:04:40 (403 turns).

hilaritas the Ruffian (Troll Fighter)                Turns: 403, Time: 00:04:40

Health: 0/57       AC:  5    Str: 27    XL:     5   Next: 8%
Magic:  4/4        EV:  9    Int:  5    God:    Uskayaw [*.....]
Gold:   10         SH: 10    Dex:  9    Spells: 4/4 levels left

rFire    . . .     SeeInvis .     - Unarmed
rCold    . . .     Gourm    +   c - +0 shield
rNeg     + + +     Faith    .   b - +0 robe
rPois    +         Spirit   .   (helmet restricted)
rElec    .         Reflect  .   (no cloak)
rCorr    .         Harm     .   (gloves unavailable)
MR       .....     NoTele   +   (boots unavailable)
Stlth    +.........             p - amulet "Waemmot" {*Corrode +Rage rPois rN+++ Str+3}
Regen    0.6/turn               (no ring)
MPRegen  0.1/turn               (no ring)

@: no status effects
A: unfitting armour, claws 3, fast metabolism 3, gourmand, regeneration 1,
shaggy fur 1, tough skin 2
a: Stomp, Renounce Religion, Evoke Berserk Rage


You were in the Dungeon.
You worshipped Uskayaw.
Uskayaw was noncommittal.
You were full.

You visited 1 branch You collected 250 gold pieces.
You spent 240 gold pieces at shops.

Inventory:

Hand Weapons
 a - a +0 flail
Armour
 b - a +0 robe (worn)
 c - a +0 shield (worn)
Jewellery
 p - the amulet "Waemmot" (around neck) {*Corrode +Rage rPois rN+++ Str+3}
   (You bought it in a shop in the Dungeon)

   [amulet of rage]

   It affects your strength (+3).
   It protects you from poison.
   It renders you almost immune to negative energy.
   It lets you go berserk.
   It may corrode you when you take damage.
 r - the cursed ring of Ymus {Str-3 Slay+2}
   (You bought it in a shop in the Dungeon)

   [ring of strength]

   It affects your strength (-3).
   It affects your accuracy and damage with ranged weapons and melee attacks
   (+2).
   It has a curse placed upon it.
Wands
 m - a wand of acid (2/15)
 n - a wand of iceblast (5/15)
Scrolls
 k - 4 scrolls of blinking
 o - 3 scrolls of fog
 q - a scroll of identify
Potions
 d - a potion of might
 e - a potion of curing
 g - 3 potions of heal wounds
 h - 4 potions of haste
 i - 2 potions of magic
 j - a potion of berserk rage
 l - a potion of resistance
Comestibles
 f - 2 bread rations


   Skills:
 + Level 5.4 Fighting
 - Level 1.7 Maces & Flails
 - Level 2.4 Dodging
 + Level 5.5 Shields
 * Level 5.6 Unarmed Combat


You had 4 spell levels left.
You didn't know any spells.

Dungeon Overview and Level Annotations

Branches:
Dungeon (1/1)

Altars:
Cheibriados
Dithmenos
Fedhas
Gozag
Kikubaaqudgha
Makhleb
Okawaru
Qazlal
Ru
Sif Muna
Trog
Uskayaw
Vehumet
Xom
Yredelemnul
Zin
The Shining One
Beogh
Jiyva
Lugonu

Shops:
D *[%??*?*:[((!!!!


Innate Abilities, Weirdness & Mutations

You are too large for most types of armour.
You have claws for hands.
Your metabolism is lightning-fast.
You like to eat raw meat.
Your natural rate of healing is unusually fast.
You are covered in fur. (AC +1)
You have very tough skin. (AC +2)


Message History

You see here a stone.
There is a staircase leading out of the dungeon here.
You see here a stone.
You see here a stone.
You closely miss the kamikaze kobold.
The kamikaze kobold hits you but does no damage.
You closely miss the kamikaze kobold.
The kamikaze kobold hits you with a dagger.
You closely miss the kamikaze kobold.
The kamikaze kobold hits you but does no damage.
You feel much better. You block the kamikaze kobold's attack.
You barely miss the kamikaze kobold. You closely miss the kamikaze kobold.
The kamikaze kobold hits you but does no damage.
You claw the kamikaze kobold!
The kamikaze kobold explodes!
The fiery explosion engulfs you!
Ouch! That really hurt!
You are engulfed in blazing flames.
You die...

###.........###
#⌠...........⌠#
######.8.........8.######
#∩.._......###...).._._∩##
∩........8.# #.8........∩###
...........###.(...).......##
........###..(###..........⌠#
........# #.<.# #.......÷..⌠#
........###(..###§...).....⌠#
...........###.§§§.........##
∩........8.# #.8@§......∩###
#∩_._......###......___∩##
######.8.........8.######
#§...........⌠#
###.........### #_......._#
#_......._# #_......._#
#∩.......∩# ##∩.....∩##
##.....##


There were no monsters in sight!

Vanquished Creatures
  A porcupine (D)
  A gnoll (D)
  An adder (D)
  2 river rats (D)
  An adder skeleton (D)
  A leopard gecko (D)
  An orc (D)
  A quokka (D)
  3 kobolds (D)
  2 rats (D)
14 creatures vanquished.

Notes
Turn   | Place    | Note
-------+----------+-------------------------------------------
     0 | D        | hilaritas the Troll Fighter began the quest for the Orb.
     0 | D        | Reached XP level 1. HP: 22/22 MP: 0/0
     2 | D        | Found a glowing silver altar of Zin.
     2 | D        | Found a viscous altar of Jiyva.
     3 | D        | Found a stormy altar of Qazlal.
     4 | D        | Found a sacrificial altar of Ru.
     4 | D        | Found a corrupted altar of Lugonu.
     5 | D        | Found a deep blue altar of Sif Muna.
     5 | D        | Found an iron altar of Okawaru.
     5 | D        | Found Ure Peth's Staff Store.
     5 | D        | Found Jougrei's Magic Scroll Shop.
     6 | D        | Found a roughly hewn altar of Beogh.
     6 | D        | Found Nylaq's Must-Have Magic.
     6 | D        | Found Upnecw's Magic Scroll Shop.
     6 | D        | Round 1.
    10 | D        | Reached skill level 1 in Unarmed Combat
    10 | D        | Reached XP level 2. HP: 31/31 MP: 1/1
    59 | D        | Found an ancient bone altar of Kikubaaqudgha.
    63 | D        | Found Itoruc's Bee Food.
    63 | D        | Found Wenitiat's Jewellery.
    64 | D        | Found Tuxt's Advanced Armour.
    69 | D        | Found Agi Dae's Identification Station.
    69 | D        | Found a radiant altar of Vehumet.
    69 | D        | Found a glowing golden altar of the Shining One.
    70 | D        | Bought a sparkling platinum amulet for 45 gold pieces
    77 | D        | Bought 3 scrolls of identify for 150 gold pieces
    77 | D        | Identified the amulet "Waemmot" {*Corrode +Rage rPois rN+++ Str+3} (You bought it in a shop in the Dungeon)
    82 | D        | Found a snail-covered altar of Cheibriados.
    84 | D        | Found a burning altar of Makhleb.
    84 | D        | Found a blossoming altar of Fedhas.
    84 | D        | Found Ubyelul's Premium Goods.
    84 | D        | Found Abiotti's Miscellaneous Merchandise.
    85 | D        | Found Founyuh's Basic Armour.
    90 | D        | Found Neutixae's Weapon Rack.
    90 | D        | Found a basalt altar of Yredelemnul.
    90 | D        | Found a hide-covered altar of Uskayaw.
    90 | D        | Found an opulent altar of Gozag.
   100 | D        | Became a worshipper of Uskayaw the Reveler
   102 | D        | Found a shimmering altar of Xom.
   104 | D        | Found a shadowy altar of Dithmenos.
   104 | D        | Found a bloodstained altar of Trog.
   104 | D        | Found Foahish's Do-It-Yourself Clinic.
   104 | D        | Found Yluif's Bottled Wisdom.
   105 | D        | Found Akastru's Distillery.
   106 | D        | Found Dainuq's Distillery.
   115 | D        | Reached * piety under Uskayaw
   124 | D        | Arena points: 6 (+6) [x1]
   139 | D        | Round 2.
   148 | D        | Reached XP level 3. HP: 33/39 MP: 2/2
   148 | D        | Reached ** piety under Uskayaw
   248 | D        | Noticed a porcupine
   256 | D        | Killed a porcupine
   256 | D        | Reached skill level 5 in Fighting
   256 | D        | Reached skill level 5 in Shields
   256 | D        | Reached skill level 5 in Unarmed Combat
   256 | D        | Reached XP level 4. HP: 39/50 MP: 3/3
   265 | D        | Reached XP level 5. HP: 40/57 MP: 4/4
   266 | D        | Arena points: 34 (+28) [x2]
   266 | D        | Reached *** piety under Uskayaw
   281 | D        | Bought a translucent platinum ring for 45 gold pieces
   281 | D        | Identified the cursed ring of Ymus {Str-3 Slay+2} (You bought it in a shop in the Dungeon)
   312 | D        | Round 3.
   403 | D        | Engulfed by a cloud of flame

Skill      XL: |  1  2  3 |
---------------+----------+-----
Fighting       | 3 5 |  5.4
Shields        | 3 4 5 |  5.5
Unarmed Combat | 1 3 5 |  5.6
Maces & Flails | |  1.7
Dodging        | |  2.4

Action                   |  1- 3 |  4- 6 || total
-------------------------+-------+-------++-------
Melee: Unarmed           |    32 |    20 ||    52
Evoke: Wand              |       |     3 ||     3
  Use: Scroll            |     1 |     1 ||     2
       Potion            |       |     1 ||     1
  Eat: Chunk             |     6 |       ||     6
Armor: Robe              |     9 |     7 ||    16
Dodge: Dodged            |     8 |     4 ||    12
Block: Shield            |    15 |    12 ||    27
